 Dungeon Crawl Stone Soup version 0.27.1-33-g824d729ab1 (webtiles) character file.

Game seed: 13147578776575902329

470 Grabarz the Shield-Bearer (level 7, -1/54 HPs)
             Began as a Formicid Fighter on Dec 1, 2021.
             Was an Initiate of Ru.
             Slain by a kobold brigand (10 damage)
             ... on level 5 of the Dungeon on Dec 2, 2021.
             The game lasted 01:20:13 (4648 turns).

Grabarz the Shield-Bearer (Formicid Fighter)        Turns: 4648, Time: 01:20:14

Health: -1/54      AC:  0    Str: 23    XL:     7   Next: 31%
Magic:  7/7        EV: 10    Int:  7    God:    Ru [......]
Gold:   203        SH: 10    Dex: 10    Spells: 6/6 levels left

rFire    . . .     SeeInvis +   r - +0 trident
rCold    . . .     Faith    .   c - +0 kite shield
rNeg     . . .     Spirit   .   (no armour)
rPois    .         Reflect  .   (helmet unavailable)
rElec    .         Harm     .   (no cloak)
rCorr    .         Rampage  .   (no gloves)
Will     .....                  (no boots)
Stlth    +.........             (no amulet)
HPRegen  0.18/turn              (no ring)
MPRegen  0.10/turn              (no ring)

@: no status effects
A: permanent stasis, dig shafts and tunnels, antennae 3, four strong arms
a: Dig, Shaft Self, Renounce Religion, Sacrifice Words, Sacrifice Skill,
Sacrifice Health, Reject Sacrifices


You were on level 5 of the Dungeon.
You worshipped Ru.
Ru was noncommittal.
You visited 1 branch of the dungeon, and saw 5 of its levels.

You collected 203 gold pieces.

Inventory:

Hand Weapons
 i - a +0 hunting sling
 r - a +0 trident (weapon)
Missiles
 e - 55 bolts
 h - 163 stones
 l - 7 javelins
 n - 34 arrows
 s - 3 boomerangs
 u - 18 sling bullets
Armour
 a - a +3 ring mail of poison resistance
 c - a +0 kite shield (worn)
 p - a +0 chain mail
 v - the +11 crystal plate armour of Uskayaw's Reproof {rCorr}
   (You acquired it on level 5 of the Dungeon)

   rCorr:     It protects you from acid and corrosion.
Wands
 d - a wand of flame (20) (quivered)
Scrolls
 b - 2 scrolls of noise {unknown}
 f - 5 scrolls of identify {unknown}
 g - 2 scrolls of enchant armour {unknown}
 j - a scroll of blinking {unknown}
 k - a scroll of vulnerability {unknown}
 t - a scroll of amnesia {unknown}
Potions
 m - a potion of curing {unknown}
 o - a potion of lignification {unknown}
 q - a potion of resistance {unknown}


   Skills:
 + Level 4.1 Fighting
 + Level 4.7 Polearms
 + Level 5.0 Armour
 + Level 1.0 Dodging
 + Level 0.5 Stealth
 + Level 5.3 Shields
 + Level 0.7 Evocations


You had 6 spell levels left.
You didn't know any spells.
Your spell library contained the following spells:

 Spells                   Type           Power      Damage    Failure   Level
 Shock                    Conj/Air       0%         1d3       71%         1
 Airstrike                Air            0%         N/A       100%        4
 Swiftness                Air            Unusable   N/A       N/A         3

Dungeon Overview and Level Annotations

Branches:
Dungeon (5/15)
 Temple: D:4-7

Altars:
Elyvilon
Kikubaaqudgha
Nemelex Xobeh
Qazlal
Ru
Trog
Zin
Beogh


Innate Abilities, Weirdness & Mutations

You cannot be hasted, slowed, berserked, paralysed or teleported.
You can dig through walls and to a lower floor.
You have a pair of large antennae on your head. (SInv)
Your four strong arms can wield two-handed weapons with a shield.


Message History

The kobold brigand is lightly wounded.
The kobold brigand hits you but does no damage.
You barely miss the kobold brigand.
The kobold brigand is lightly wounded.
The kobold brigand hits you with a +0 short sword.
* * * LOW HITPOINT WARNING * * *
You closely miss the kobold brigand.
The kobold brigand is lightly wounded.
You block the kobold brigand's attack.
The kobold brigand hits you but does no damage.
You closely miss the kobold brigand.
The kobold brigand is lightly wounded.
The kobold brigand completely misses you.
v - the +11 crystal plate armour of Uskayaw's Reproof {rCorr} The kobold brigand hits you with a +0 short sword.
* * * LOW HITPOINT WARNING * * *
You block the kobold brigand's attack.
Keep disrobing?
Uppercase [Y]es or [N]o only, please.
Keep disrobing?
You start removing your armour.
You continue taking off your +3 ring mail of poison resistance.
You block the kobold brigand's attack.
You continue taking off your +3 ring mail of poison resistance.
The kobold brigand closely misses you.
You continue taking off your +3 ring mail of poison resistance.
You block the kobold brigand's attack.
You continue taking off your +3 ring mail of poison resistance.
The kobold brigand hits you but does no damage.
You finish taking off your +3 ring mail of poison resistance.
You no longer feel resistant to poison.
Unknown command.
The kobold brigand barely misses you.
You start putting on your armour.
You continue putting on the +11 crystal plate armour of Uskayaw's Reproof {rCorr}.
You block the kobold brigand's attack.
Keep equipping yourself?
You continue putting on the +11 crystal plate armour of Uskayaw's Reproof {rCorr}.
The kobold brigand hits you with a +0 short sword!
You die...
K

.⌠... _. ....
.K{{?.. .. .?
.#.#.#.
....K..######
#.......#
#######)######
#)@K.)).#
#..####.#
#..#..#.#
#..#..#.#
#..#..#.#
#..#<.#.#
#..#.##.#
#..#....#
#..######


You could see a kobold brigand.

Vanquished Creatures
  A sky beast (D:3)
  A phantom (D:4)
  A hound (D:4)
  2 orc priests
  An orc wizard (D:4)
  An iguana (D:5)
  Robin (D:3)
  2 adders
  A white imp (D:4)
  An adder skeleton (D:4)
  2 worms
  5 dart slugs
  12 orcs
  9 ball pythons
  7 bats
  5 endoplasms
  4 giant cockroaches
  18 goblins
  5 hobgoblins
  3 jackals (D:2)
  2 quokkas (D:1)
  3 frilled lizards
  7 kobolds
  4 rats
98 creatures vanquished.

Notes
Turn   | Place    | Note
-------+----------+-------------------------------------------
     0 | D:1      | Grabarz the Formicid Fighter began the quest for the Orb.
     0 | D:1      | Reached XP level 1. HP: 18/18 MP: 1/1
    13 | D:1      | Found a faded altar of an unknown god.
   315 | D:1      | Reached XP level 2. HP: 24/24 MP: 2/2
   500 | D:1      | Reached XP level 3. HP: 29/29 MP: 3/3
  1374 | D:2      | Found a sacrificial altar of Ru.
  1383 | D:2      | Reached XP level 4. HP: 35/35 MP: 4/4
  1384 | D:2      | Became a worshipper of Ru the Awakened
  1775 | D:3      | Noticed a sky beast
  1988 | D:3      | Noticed Robin
  2023 | D:3      | Killed Robin
  2029 | D:3      | Reached XP level 5. HP: 11/42 MP: 5/5
  2719 | D:3      | Found a glowing silver altar of Zin.
  2721 | D:3      | Found a stormy altar of Qazlal.
  2933 | D:3      | Killed a sky beast
  2934 | D:3      | Reached XP level 6. HP: 43/48 MP: 6/6
  2975 | D:3      | Found a sacrificial altar of Ru.
  3459 | D:4      | Found a bloodstained altar of Trog.
  3507 | D:4      | Reached skill level 5 in Shields
  3668 | D:4      | Found a sparkling altar of Nemelex Xobeh.
  4002 | D:4      | Reached XP level 7. HP: 51/54 MP: 7/7
  4044 | D:4      | Found an ancient bone altar of Kikubaaqudgha.
  4409 | D:5      | Entered Level 5 of the Dungeon
  4442 | D:5      | Reached skill level 5 in Armour
  4442 | D:5      | Reached skill level 1 in Dodging
  4599 | D:5      | Found a white marble altar of Elyvilon.
  4635 | D:5      | Identified a scroll of acquirement
  4635 | D:5      | Acquired the +11 crystal plate armour of Uskayaw's Reproof
                  | {rCorr}
  4648 | D:5      | Slain by a kobold brigand

Illustrated notes

Levels and vault maps discovered:
D:1:      minmay_arrival_four_loops, layout_basic,
          hellmonk_ecumenical_altar_pennies_from_heaven
D:2:      layout_basic, basic_altar
D:3:      layout_basic, nicolae_ru_awakened_eye,
          mainiacjoe_overflow_catwalk_spiral, kennysheep_orc_chapel, uniq_robin
D:4:      kennysheep_spiral_hall, layout_basic, bloody_trog,
          kiku_gazebo_garden_becter, nemelex_dance_club_becter
D:5:      layout_basic, elyvilon_altar_5

Skill      XL: |  1  2  3  4  5  6  7 |
---------------+----------------------+-----
Shields        | 4 5 |  5.3
Armour         | 4 5 |  5.0
Polearms       | 3 4 |  4.7
Fighting       | 4 |  4.1
Dodging        | 1 |  1.0
Stealth        | |  0.5
Evocations     | |  0.7

Action                   |  1- 3 |  4- 6 |  7- 9 || total
-------------------------+-------+-------+-------++-------
Melee: Trident           |    85 |   195 |    62 ||   342
Evoke: Wand              |       |     5 |       ||     5
  Use: Scroll            |     1 |       |     1 ||     2
       Potion            |       |     2 |       ||     2
Armor: Scale mail        |    28 |    43 |       ||    71
       Ring mail         |       |    28 |    15 ||    43
       Chain mail        |       |     6 |       ||     6
Dodge: Dodged            |    23 |    44 |    19 ||    86
Block: Kite shield       |    29 |    84 |    34 ||   147
